 Dungeon Crawl Stone Soup version 0.27.1-34-g3ba077fa99 (webtiles) character file.

Game seed: 7161319773704772862

108 namoto the Stinger (level 4, -9/32 (35) HPs)
             Began as a Draconian Venom Mage on Jan 9, 2022.
             Mangled by Crazy Yiuf (16 damage)
             ... on level 2 of the Dungeon.
             The game lasted 00:20:05 (2096 turns).

namoto the Stinger (Draconian Venom Mage)           Turns: 2096, Time: 00:20:06

HP:   -9/32 (35)    AC:  5    Str: 10    XL:     4   Next: 58%
MP:   2/8           EV: 12    Int: 17    God:
Gold: 30            SH:  0    Dex: 11    Spells: 2/8 levels left

rFire    . . .     SeeInvis .   e - +0 spear
rCold    . . .     Faith    .   (no shield)
rNeg     . . .     Spirit   .   (armour unavailable)
rPois    .         Reflect  .   (helmet restricted)
rElec    .         Harm     .   (no cloak)
rCorr    .         Rampage  .   (no gloves)
Will     .....                  (no boots)
Stlth    ++........             (no amulet)
HPRegen  0.10/turn              (no ring)
MPRegen  0.11/turn              (no ring)

@: very slightly contaminated, drained
A: AC +5, unfitting armour, cold-blooded
a: no special abilities


You were on level 2 of the Dungeon.
You visited 1 branch of the dungeon, and saw 2 of its levels.

You collected 30 gold pieces.

Inventory:

Hand Weapons
 e - a +0 spear (weapon)
Missiles
 b - 34 stones
 d - 42 arrows
 k - 33 poisoned darts (quivered)
Scrolls
 a - a scroll of fog {unknown}
 f - a scroll of magic mapping {unknown}
 h - a scroll of teleportation {unknown}
 i - a scroll of enchant armour {unknown}
 j - a scroll of identify {unknown}
Potions
 c - a potion of curing {unknown}
 g - a potion of might {unknown}


   Skills:
 - Level 1.1 Fighting
 - Level 2.0 Dodging
 - Level 1.9 Stealth
 - Level 2.7 Spellcasting
 * Level 0.3 Conjurations
 - Level 2.0 Transmutations
 + Level 1.0 Air Magic
 + Level 3.8 Poison Magic


You had 2 spell levels left.
You knew the following spells:

 Your Spells              Type           Power      Damage    Failure   Level
a - Sting                 Tmut/Pois      48%        1d5       5%          1
b - Poisonous Vapours     Pois/Air       20%        N/A       10%         2
c - Mephitic Cloud        Conj/Pois/Air  8%         N/A       26%         3

Your spell library contained the following spells:

 Spells                   Type           Power      Damage    Failure   Level
 Olgreb's Toxic Radiance  Pois           15%        N/A       36%         4
 Tukima's Dance           Hex            2%         N/A       47%         3
 Passage of Golubria      Tloc           N/A        N/A       87%         4
 Yara's Violent Unravell  Hex/Tmut       2%         3d3       97%         5


Dungeon Overview and Level Annotations

Branches:
Dungeon (2/15)

Altars:

Annotations:
D:2 Crazy Yiuf


Innate Abilities, Weirdness & Mutations

Your plain brown scales are hard. (AC +5)
You cannot fit into any form of body armour.
You are cold-blooded and may be slowed by cold attacks.


Message History

Aim: Crazy Yiuf, wielding a +4 quarterstaff of chaos and wearing a +2 cloak You miscast Poisonous Vapours.
You are very lightly contaminated with residual magic.
Nothing appears to happen.
Casting: Poisonous Vapours (safe; 10% risk of failure)
Confirm with . or Enter, or press ? or * to list all spells.
Aiming: Sting (safe; 5% risk of failure)
Press: ? - help, Shift-Dir - straight line, f/p - Crazy Yiuf
Aim: Crazy Yiuf, wielding a +4 quarterstaff of chaos and wearing a +2 cloak (75% to hit)
The sting hits Crazy Yiuf but does no damage.
Crazy Yiuf is poisoned.
Casting: Sting (safe; 5% risk of failure)
Confirm with . or Enter, or press ? or * to list all spells.
Aiming: Sting (safe; 5% risk of failure)
Press: ? - help, Shift-Dir - straight line, f/p - Crazy Yiuf
Aim: Crazy Yiuf, wielding a +4 quarterstaff of chaos and wearing a +2 cloak (lightly wounded, poisoned, 75% to hit)
The sting hits Crazy Yiuf but does no damage.
Crazy Yiuf looks even sicker.
Crazy Yiuf is lightly wounded.
Crazy Yiuf cries, "Spliff noodlescoop blue!"
Crazy Yiuf hits you with a +4 quarterstaff of chaos!
You feel drained.
Casting: Sting (safe; 5% risk of failure)
Confirm with . or Enter, or press ? or * to list all spells.
Aiming: Sting (safe; 5% risk of failure)
Press: ? - help, Shift-Dir - straight line, f/p - Crazy Yiuf
Aim: Crazy Yiuf, wielding a +4 quarterstaff of chaos and wearing a +2 cloak (lightly wounded, very poisoned, 75% to hit)
The sting misses Crazy Yiuf.
Crazy Yiuf hits you with a +4 quarterstaff of chaos!
You feel drained.
* * * LOW HITPOINT WARNING * * *
Casting: Sting (safe; 5% risk of failure)
Confirm with . or Enter, or press ? or * to list all spells.
Aiming: Sting (safe; 5% risk of failure)
Press: ? - help, Shift-Dir - straight line, f/p - Crazy Yiuf
Aim: Crazy Yiuf, wielding a +4 quarterstaff of chaos and wearing a +2 cloak (lightly wounded, very poisoned, 75% to hit)
The sting misses Crazy Yiuf.
Crazy Yiuf hits you with a +4 quarterstaff of chaos!
Ouch! That really hurt!
You die...

##..###....######.........
#. ##..## #.......## #
#....# +.......## #...##
#.......## ##.##
#.......## #.## #.......##
##.# ########## #.## #
##@# # #g# # ... # #...# #
#..)# # ##### # # # #


You could see Crazy Yiuf (very poisoned).

Vanquished Creatures
  Jessica (D:2)
  3 gnolls (D:2)
  An adder (D:2)
  A worm (D:2)
  A ball python (D:1)
  4 endoplasms
  A giant cockroach (D:2)
  3 goblins
  4 hobgoblins
  2 jackals (D:1)
  A quokka (D:1)
  5 bats
  3 frilled lizards
  5 kobolds
  10 rats
45 creatures vanquished.

Notes
Turn   | Place    | Note
-------+----------+-------------------------------------------
     0 | D:1      | namoto the Draconian Venom Mage began the quest for the
                  | Orb.
     0 | D:1      | Reached XP level 1. HP: 14/14 MP: 3/3
   192 | D:1      | Found a faded altar of an unknown god.
   513 | D:1      | Reached XP level 2. HP: 20/20 MP: 3/5
  1244 | D:2      | Noticed Jessica
  1381 | D:2      | Learned a level 2 spell: Poisonous Vapours
  1447 | D:2      | Reached XP level 3. HP: 27/27 MP: 0/6
  1611 | D:2      | Reached skill level 1 in Fighting
  1757 | D:2      | Reached XP level 4. HP: 35/35 MP: 0/7
  1761 | D:2      | Learned a level 3 spell: Mephitic Cloud
  1860 | D:2      | Killed Jessica
  1991 | D:2      | Reached skill level 1 in Air Magic
  2087 | D:2      | Found a runed translucent door.
  2088 | D:2      | Noticed Crazy Yiuf
  2096 | D:2      | Mangled by Crazy Yiuf

Illustrated notes

Levels and vault maps discovered:
D:1:      eino_arrival_cavern_b, layout_loops_corners, basic_ecumenical_altar,
          minmay_misc_feat_roman
D:2:      layout_basic, uniq_crazy_yiuf_cottage, uniq_jessica

Skill      XL: |  1  2  3  4 |
---------------+-------------+-----
Dodging        | 2 |  2.0
Fighting       | 1 |  1.1
Transmutations | 2 |  2.0
Air Magic      | 1 |  1.0
Stealth        | |  1.9
Spellcasting   | |  2.7
Conjurations   | |  0.3
Poison Magic   | |  3.8

Action                   |  1- 3 |  4- 6 || total
-------------------------+-------+-------++-------
Melee: Spear             |    21 |     1 ||    22
       Tailslap          |     1 |       ||     1
Throw: Stone             |    10 |       ||    10
       Dart              |       |     2 ||     2
 Cast: Sting             |    52 |    20 ||    72
       Poisonous Vapours |     8 |     2 ||    10
Armor: Skin              |    26 |       ||    26
Dodge: Dodged            |    52 |     3 ||    55
